AoeStats
← capitanhukz

Arena

507795336Analyzed
1v1 RM · 12d ago on Sep 19, 2026· 43m 15s· 2 players
Game mode
Random Map
Map size
Tiny (2 player)
Population
200
Speed
Normal
Resources
Standard
Victory
Conquest
Starting age
Dark Age
Ending age
Imperial Age
RankedLock teamsTeams togetherTeam positionsShared explorationLock speedFull tech treeHidden civsTurbo modeCheats
Victory
Defeat
🇬🇧 Persians · United Kingdom
453
+15
🇪🇸 Franks · Spain
437
-15
capitanhukz
1:16 Loom
12:57 Feudal Age
15:58 Double-Bit Axe
16:20 Arson
19:09 Wheelbarrow
18:19 Town Watch
18:31 Man-at-Arms
24:11 Castle Age
22:15 Scale Mail Armor
22:17 Padded Archer Armor
25:00 Pikeman
25:02 Long Swordsman
25:43 Squires
25:28 Gambesons
25:46 Husbandry
25:08 Light Cavalry
30:12 Town Patrol
30:54 Crossbowman
30:56 Elite Skirmisher
31:59 Fortified Wall
34:03 Stone Mining
34:04 Gold Mining
34:29 Bow Saw
36:02 Hand Cart
42:32 Imperial Age
41:42 Gold Shaft Mining
41:40 Ballistics
41:10 Guard Tower
41:31 Clinker Construction
41:34 Scale Barding Armor
41:39 Forging
SuedBuzzard5960
13:11 Feudal Age
13:52 Horse Collar
14:01 Double-Bit Axe
14:54 Wheelbarrow
14:36 Gold Mining
21:22 Castle Age
22:39 Hand Cart
22:27 Heavy Plow
22:42 Bow Saw
23:10 Gold Shaft Mining
22:51 Crossbowman
23:38 Thumb Ring
24:08 Pikeman
24:49 Squires
25:05 Stone Mining
26:29 Stone Shaft Mining
28:45 Husbandry
29:50 Padded Archer Armor
29:40 Fletching
29:51 Scale Mail Armor
30:02 Forging
31:17 Town Watch
31:18 Loom
33:15 Ballistics
35:29 Imperial Age
33:15 Bodkin Arrow
33:36 Leather Archer Armor
33:57 Iron Casting
34:05 Kamandaran
37:09 Two-Man Saw
36:42 Crop Rotation
37:15 Chemistry
36:51 Ring Archer Armor
36:49 Conscription
36:55 Town Patrol
38:33 Hoardings
38:10 Citadels
39:00 Cavalier
39:58 Scale Barding Armor
40:54 Blast Furnace
40:09 Chain Mail Armor
40:42 Savar
Connection lost

Rejoining the realm…

Still unreachable

The connection could not be restored.

Session expired

The server has moved on; the page needs a fresh start.